 Dungeon Crawl Stone Soup version bcrawl-1.19.1 (webtiles) character file.

Game seed: 14832265997375008371

70 Freyura the Shield-Bearer (level 4, 0/28 HPs)
             Began as a Skeleton Fighter on Nov 26, 2019.
             Slain by a sky beast (6 damage)
             ... on level 2 of the Dungeon.
             The game lasted 00:02:48 (1524 turns).

Freyura the Shield-Bearer (Skeleton Fighter)        Turns: 1524, Time: 00:02:48

Health: 0/28       AC:  7    Str: 21 (22) XL:     4   Next: 4%
Magic:  0/4        EV:  8    Int:  7      God:
Gold:   178        SH: 10    Dex:  9      Spells: 3/3 levels left

rFire    . . .     SeeInvis .   a - +0 long sword
rCold    + . .     Gourm    .   c - +0 shield
rNeg     + + +     Faith    .   b - +0 scale mail
rPois    ∞         Spirit   +   (no helmet)
rElec    .         Reflect  .   (no cloak)
rCorr    .         Harm     .   (no gloves)
MR       .....                  (no boots)
Stlth    ..........             (no amulet)
HPRegen  0.09/turn              (no ring)
MPRegen  0.09/turn              (no ring)

@: no status effects
A: no food or potions, cold resistance 1, deterioration 1, negative energy
resistance 3, torment resistance, unbreathing, magic shield, sturdy frame 1,
spell healing
a: no special abilities


You were on level 2 of the Dungeon.
You were not hungry.

You visited 1 branch of the dungeon, and saw 2 of its levels.

You collected 178 gold pieces.

Inventory:

Hand Weapons
 a - a +0 long sword (weapon)
Armour
 b - a +0 scale mail (worn)
 c - a +0 shield (worn)
Scrolls
 d - 3 scrolls of identify {unknown}
 e - 4 scrolls of remove curse {unknown}
 f - a scroll of fear {unknown}
 g - 2 scrolls of enchant armour {unknown}
 h - 2 scrolls of teleportation {unknown}
 i - 3 scrolls of amnesia {unknown}
 j - a scroll of noise {unknown}


   Skills:
 + Level 3.2 Fighting
 * Level 3.7 Long Blades
 + Level 3.7 Armour
 + Level 1.1 Dodging
 + Level 4.1 Shields


You had 3 spell levels left.
You didn't know any spells.
Your spell library was empty.

Dungeon Overview and Level Annotations

Branches:
Dungeon (2/12)

Altars:


Innate Abilities, Weirdness & Mutations

You do not eat or drink.
You are immune to poison.
Your flesh is cold resistant. (rC+)
Your body sometimes deteriorates upon taking damage.
You are immune to negative energy. (rN+++)
You are immune to unholy pain and torment.
You can survive without breathing.
When hurt, damage is shared between your health and your magic reserves.
Your movements are slightly less encumbered by armour. (ER -2)
Casting spells heals you.


Message History

You slash something! Something hits you.
Your body deteriorates!
You feel weakened. Something shocks you.
You miss something.
A sky beast appears from thin air!
Reactivating autopickup.
The sky beast completely misses you.
The sky beast hits you but does no damage.
You closely miss the sky beast.
The sky beast is moderately wounded.
The sky beast hits you but does no damage.
You hit the sky beast.
The sky beast is moderately wounded.
The sky beast hits you. The sky beast shocks you.
* * * LOW HITPOINT WARNING * * *
You closely miss the sky beast.
The sky beast is moderately wounded.
The sky beast hits you.
* * * LOW HITPOINT WARNING * * *
The sky beast shocks you.
You die...

#.## #.## ##+# ###.#
##...## .. ..#†#
##.....## ##.##.#.#
##.......## ##..##.#.#
#.........####...##.#>##
+.......................
#.....Y@...# ###.##.####
##....(..#.# #.##.#
##.....##(# #....#
##...###.# #.#### ##+#
#.#####.# #.......#
####.#### #.# #.#


You could see a sky beast.

Vanquished Creatures
  4 gnolls (D:2)
  A worm (D:2)
  A dart slug (D:2)
  2 leopard geckos (D:1)
  3 orcs (D:2)
  2 giant cockroaches (D:1)
  2 goblins (D:1)
  2 ball pythons
  3 bats
  2 frilled lizards
  3 kobolds
  3 rats
28 creatures vanquished.

Notes
Turn   | Place    | Note
-------+----------+-------------------------------------------
     0 | D:1      | Freyura the Skeleton Fighter began the quest for the Orb.
     0 | D:1      | Reached XP level 1. HP: 14/14 MP: 1/1
   244 | D:1      | Reached XP level 2. HP: 19/19 MP: 2/2
  1025 | D:2      | Reached skill level 4 in Shields
  1025 | D:2      | Reached XP level 3. HP: 14/23 MP: 3/3
  1028 | D:2      | Reached skill level 1 in Dodging
  1447 | D:2      | Reached XP level 4. HP: 28/28 MP: 4/4
  1515 | D:2      | Noticed a sky beast
  1524 | D:2      | Slain by a sky beast

Skill      XL: |  1  2  3 |
---------------+----------+-----
Long Blades    | 3 |  3.7
Shields        | 4 |  4.1
Dodging        | 1 |  1.1
Fighting       | |  3.2
Armour         | |  3.7

Action                   |  1- 3 |  4- 6 || total
-------------------------+-------+-------++-------
Melee: Long sword        |    91 |    10 ||   101
Armor: Scale mail        |    21 |     3 ||    24
Dodge: Dodged            |    31 |     1 ||    32
Block: Shield            |    37 |     2 ||    39
